 Dungeon Crawl Stone Soup version 0.27.0-1-g7a089689b8 (webtiles) character file.

Game seed: 661061083063350735

38 ZombieSheep the Slasher (level 3, -7/33 HPs)
             Began as a Minotaur Monk on Aug 5, 2021.
             Killed by nerve-wracking pain
             ... invoked by Jessica
              (14 damage)
             ... on level 2 of the Dungeon.
             The game lasted 00:02:23 (1461 turns).

ZombieSheep the Slasher (Minotaur Monk)             Turns: 1461, Time: 00:02:24

Health: -7/33      AC:  8    Str: 16    XL:     3   Next: 25%
Magic:  2/2        EV: 11    Int:  7    God:
Gold:   76         SH:  0    Dex: 12    Spells: 2/2 levels left

rFire    . . .     SeeInvis .   a - +1 falchion (protect)
rCold    . . .     Faith    .   (no shield)
rNeg     . . .     Spirit   .   d - +0 ring mail
rPois    .         Reflect  .   (helmet restricted)
rElec    .         Harm     .   j - +2 cloak
rCorr    .         Rampage  .   (no gloves)
Will     .....                  (no boots)
Stlth    +.........             (no amulet)
HPRegen  0.11/turn              (no ring)
MPRegen  0.08/turn              (no ring)

@: no status effects
A: horns 2, retaliatory headbutt
a: no special abilities


You were on level 2 of the Dungeon.
You visited 1 branch of the dungeon, and saw 2 of its levels.

You collected 76 gold pieces.

Inventory:

Hand Weapons
 a - a +1 falchion of protection (weapon)
 f - a +0 dagger of protection
Armour
 b - a +0 robe
 d - a +0 ring mail (worn)
 j - a +2 cloak (worn)
Potions
 c - a potion of flight {unknown}
 e - a potion of haste {unknown}
 h - a potion of resistance {unknown}
 i - a potion of might {unknown}


   Skills:
 + Level 4.1 Fighting
 + Level 4.1 Long Blades
 + Level 1.5 Armour
 + Level 3.7 Dodging
 - Level 1.5 Stealth


You had 2 spell levels left.
You didn't know any spells.
Your spell library was empty.

Dungeon Overview and Level Annotations

Branches:
Dungeon (2/15)

Altars:

Annotations:
D:2 Jessica, Sigmund


Innate Abilities, Weirdness & Mutations

You have a pair of horns on your head.
You reflexively headbutt those who attack you in melee.


Message History

Found a bubbling ruby potion.
Found a robe.
You see here a bubbling ruby potion.
e - a bubbling ruby potion Jessica shouts, "I don't like beings like you!"
You hit the kobold.
Your weapon exudes an aura of protection.
The kobold is moderately wounded.
The kobold hits you but does no damage.
Sigmund points at you and mumbles some strange words.
You are confused.
You miss the kobold. Your headbutt misses the kobold.
The kobold is moderately wounded.
The kobold hits you but does no damage. Jessica gestures at you while chanting.
You barely resist. The kobold hits you but does no damage.
Sigmund barely misses you. The kobold hits you but does no damage.
Sigmund hits you with a +0 scythe. Jessica misses you.
Sigmund hits you with a +0 scythe!
You slash Sigmund!
Your weapon exudes an aura of protection.
Sigmund is moderately wounded.
Jessica hits you but does no damage. The kobold closely misses you.
Sigmund casts a spell at you.
The puff of flame hits you but does no damage.
You feel less confused.
Jessica casts a spell.
Jessica seems to speed up.
Sigmund gestures wildly while chanting.
Sigmund flickers and vanishes!
Jessica hits you but does no damage. Something hits you.
Jessica hits you with a +0 club. Something hits you!
* * * LOW HITPOINT WARNING * * *
Jessica points at you and mumbles some strange words.
Pain shoots through your body!
* * * LOW HITPOINT WARNING * * *
Jessica casts a spell at you. Pain shoots through your body!
You die...

########.#........##.
#..........##....@. ######
#...........<...... #....#
#......####.......# #....#
#.................. #....#
#.....#.####.###...
#....######.....#..###.......
#...............##....<###...
#.........##@#########...#...
#....#....@.....########.#...
#....#....K.......... ......
######..........########.#...
#...................###.
#[.........#######..[...
#..........# #######....
############ ..^.....†..
........##.


You could see Jessica (fast) and a kobold.

Vanquished Creatures
  A dart slug (D:1)
  4 endoplasms
  A giant cockroach (D:2)
  3 goblins
  5 hobgoblins (D:1)
  4 jackals (D:2)
  A quokka (D:2)
  3 ball pythons
  2 bats (D:1)
  2 frilled lizards (D:1)
  A kobold (D:1)
  6 rats
33 creatures vanquished.

Notes
Turn   | Place    | Note
-------+----------+-------------------------------------------
     0 | D:1      | ZombieSheep the Minotaur Monk began the quest for the Orb.
     0 | D:1      | Reached XP level 1. HP: 19/19 MP: 0/0
   519 | D:1      | Reached XP level 2. HP: 23/27 MP: 1/1
   608 | D:1      | Reached skill level 1 in Armour
   817 | D:1      | You fall into a shaft and drop 1 floor!
  1197 | D:2      | Reached XP level 3. HP: 26/33 MP: 2/2
  1297 | D:2      | Noticed Sigmund
  1395 | D:2      | Noticed Jessica
  1461 | D:2      | Killed from afar by Jessica

Illustrated notes

Levels and vault maps discovered:
D:1:      dpeg_arrival_snail, layout_loops_ring, minivault_27
D:2:      layout_rooms, shapermc_ecumenical_altar_mp_ritualfount,
          chequers_serial_rivers_room_a, minmay_surrounded, uniq_sigmund,
          uniq_jessica

Skill      XL: |  1  2 |
---------------+-------+-----
Armour         | 1 |  1.5
Fighting       | 4 |  4.1
Long Blades    | 4 |  4.1
Dodging        | |  3.7
Stealth        | |  1.5

Action                   || total
-------------------------++-------
Melee: Falchion          ||    74
       Headbutt          ||    14
  Use: Scroll            ||     3
 Stab: Sleeping          ||     1
Armor: Ring mail         ||    35
Dodge: Dodged            ||    54
       Rpst.: Falchion   ||    11
